 Dungeon Crawl Stone Soup version 0.30-a0-305-g026cb31310 (webtiles) character file.

Game seed: 13778963254665064349

10621 mandarbmax the Fighter (level 11, -2/121 (127) HPs)
             Began as an Ogre Transmuter on Oct 23, 2022.
             Was a Priest of Ru.
             Killed from afar by a gargoyle (22 damage)
             ... with a stone arrow
             ... in a Gauntlet.
             The game lasted 00:31:54 (11346 turns).

mandarbmax the Fighter (Ogre Transmuter)           Turns: 11346, Time: 00:31:55

HP:   -2/121 (127)  AC: -3    Str: 19    XL:     11   Next: 65%
MP:   0/17          EV: 23    Int: 24    God:    Ru [***...]
Gold: 467           SH:  0    Dex: 16    Spells: 8/18 levels left

rFire   . . .      SeeInvis .      - Unarmed
rCold   + . .      Faith    .    (shield currently unavailable)
rNeg    . . .      Spirit   +    (body armour currently unavailable)
rPois   x          Reflect  .    (helmet currently unavailable)
rElec   .          Harm     .    (cloak currently unavailable)
rCorr   .          Rampage  .    (gloves unavailable)
Will    +....      NoTele   +    (boots unavailable)
Stlth   ..........               g - amulet "Laiju" {Spirit rC+ Str+3 Int+2}
HPRegen 0.40/turn                l - ring of flight
MPRegen 0.15/turn                o - +6 ring of intelligence

@: exhausted, spider-form, wereblooded, flying, lightly drained
A: venomous fangs, tiny, unfitting armour, screaming 1, (tough skin 1), no
stealth, inability to train armour, reduced AC 1
a: End Transformation, Renounce Religion, Draw Out Power


You were in a Gauntlet.
You worshipped Ru.
Ru was most pleased with you.
You were a venomous arachnid creature.
You visited 1 branch of the dungeon, and saw 11 of its levels.
You also visited: Gauntlet.

You collected 681 gold pieces.
You spent 214 gold pieces at shops.

Inventory:

Missiles
 d - 31 poisoned darts
 j - 10 boomerangs
 s - a throwing net
 w - 3 atropa-tipped darts
Armour
 B - a +0 cloak (melded)
 G - a +2 robe of willpower (melded)
Jewellery
 g - the amulet "Laiju" (around neck) {Spirit rC+ Str+3 Int+2}
   (You found it on level 3 of the Dungeon)

   [amulet of guardian spirit]

   It causes incoming damage to be divided between your reserves of health and
   magic.
   Str:       It affects your strength (+3).
   Int:       It affects your intelligence (+2).
   rC:        It protects you from cold.
 l - a ring of flight (left front leg)
 o - a +6 ring of intelligence (right front leg)
 t - an amulet of regeneration
 v - a ring of protection from cold
 A - a ring of magical power
Wands
 u - a wand of flame (24)
 z - a wand of polymorph (5)
 E - a wand of iceblast (14)
 F - a wand of charming (4)
Scrolls
 c - 3 scrolls of poison
 e - 4 scrolls of teleportation
 i - a scroll of amnesia
 k - 3 scrolls of enchant weapon
 q - 4 scrolls of enchant armour
 r - a scroll of summoning
 x - a scroll of torment
 y - 2 scrolls of vulnerability
Potions
 a - a potion of might
 b - a potion of lignification
 f - 2 potions of brilliance
 m - 4 potions of mutation
 n - 2 potions of berserk rage
 p - 2 potions of resistance
 C - a potion of flight
 D - a potion of attraction
Miscellaneous
 H - a box of beasts


   Skills:
 + Level 13.5 Fighting
 - Level 6.0 Dodging
 - Level 10.0 Unarmed Combat
 - Level 4.0 Spellcasting
 * Level 7.6 Transmutations


You had 8 spell levels left.
You knew the following spells:

 Your Spells              Type           Power      Damage    Failure   Level
a - Beastly Appendage     Tmut           82%        N/A       3%          1
b - Wereblood             Tmut           41%        N/A       4%          2
c - Spider Form           Tmut/Pois      23%        N/A       17%         3
d - Ice Form              Ice/Tmut       23%        N/A       41%         4

Your spell library contained the following spells:

 Spells                   Type           Power      Damage    Failure   Level
 Freeze                   Ice            16%        1d4       24%         1
 Blink                    Tloc           8%         N/A       32%         2
 Frozen Ramparts          Ice            8%         1d2       50%         3
 Hailstorm                Conj/Ice       4%         3d4       50%         3
 Manifold Assault         Tloc           4%         N/A       85%         4
 Storm Form               Tmut/Air       11%        N/A       100%        7


Dungeon Overview and Level Annotations

Branches:
Dungeon (11/15)            Temple (0/1) D:7            Lair (0/5) D:8
    Orc (0/2) D:10        Gauntlet (1/1)

Altars:
Fedhas
Gozag
Hepliaklqana
Nemelex Xobeh
Ru
Sif Muna
Uskayaw
Vehumet
Zin
The Shining One

Shops:
D:1 (   D:5 [   D:7 *   D:10 (

Annotations:
D:7 exclusion: oklob sapling Gauntlet 17 transporters, 21 runed translucent doors, exclusions: lightning spire and oklob plant


Innate Abilities, Weirdness & Mutations

You are a venomous arachnid creature.
You have poisonous fangs.
You are tiny and dextrous.
Your spellcasting is less reliable in this form.
Your armour is entirely melded.
You are incapable of wielding weapons or throwing items.
You are too large for most types of armour.
You occasionally shout uncontrollably at your foes.
((You have tough skin. (AC +1)))
You cannot be stealthy.
You cannot train Armour skill.
You take slightly more damage. (AC -5)


Message History

Casting: Spider Form (dangerous; 17% risk of failure)
Confirm with . or Enter, or press ? or * to list all spells.
Okay, then.
You bite the catoblepas!
The catoblepas looks as sick as possible!
The catoblepas is almost dead.
The catoblepas misses you. The gargoyle hits you with a +0 mace!
* * * LOW HITPOINT WARNING * * *
Unknown command.
The gargoyle attacks as you move away! The gargoyle hits you with a +0 mace!
* * * LOW HITPOINT WARNING * * *
The catoblepas breathes a plume of calcifying dust at you.
The blast of calcifying dust hits the gargoyle.
The blast of calcifying dust hits you!
* * * LOW HITPOINT WARNING * * *
Unknown command.
The gargoyle attacks as you move away! The gargoyle closely misses you.
Your transformation has ended.
Your +0 cloak unmelds from your body.
Your +2 robe of willpower unmelds from your body.
You feel strong-willed.
Okay, then.
Casting: Spider Form (mildly dangerous; 6% risk of failure)
Confirm with . or Enter, or press ? or * to list all spells.
You don't have enough magic to cast this spell.
You are restored by drawing out deep reserves of power within.
You feel drained.
The gargoyle hurls a stone arrow at you.
The stone arrow hits you!!
* * * LOW HITPOINT WARNING * * *
Unknown command.
Casting: Spider Form (mildly dangerous; 6% risk of failure)
Confirm with . or Enter, or press ? or * to list all spells.
You turn into a venomous arachnid creature.
Your +0 cloak melds into your body.
Your +2 robe of willpower melds into your body.
You feel less strong-willed.
You feel a bit more experienced.
The gargoyle hurls a stone arrow at you.
The stone arrow hits you!!
You die...

.................................
..................©..............
.###########.###########.########
.##.#.###..#.#.........#.#..+..+.
.#^D.D.^.#D#.#..##9##..#.#..+..+.
.#!##.#.#.##.#.#.Y#..#.#.#++#++##
##=##.#.P..#.#.#§©#..#.#.#..+...+
©#©P####.###.#.9#####..#.#©.#...+
.#.###©.#.##.#§#s.#..#.#.#..+...+
.##.....##.#.#.#..#..#.#.#++#++##
.#^#..#^.#.#.#..##.##..#.#..+..+.
.######.^.##.#...?©.)..#.#..+..+.
.################################
.#≈≈8≈§#©.........©.........©#§≈8
.################## #### ##
©...........©#≈≈≈§8§≈≈§#©........
#################################


You could see an acid dragon and a gargoyle.

Vanquished Creatures
  Harold (D:10)
  Erica (D:8)
  A two-headed ogre (D:9)
  A catoblepas (Gauntlet)
  Pikel (D:5)
  An ugly thing (D:10)
  2 komodo dragons
  2 trolls (D:10)
  2 hornets
  The ghost of sleeves the Ruffian, an amateur DrTm (D:5)
  2 shadows (D:9)
  Eustachio (D:5)
  9 yaks (D:10)
  A steam dragon (D:9)
  An acid dragon (D:11)
  Duvessa (D:5)
  8 orc warriors
  3 ice beasts
  3 sky beasts
  6 black bears
  3 ogres
  2 centaurs
  3 phantoms
  2 lemures (D:5)
  A gnoll sergeant (D:10)
  2 kobold brigands (D:7)
  4 bullfrogs
  2 necrophages
  3 scorpions
  Dowan (D:5)
  4 electric eels
  4 howler monkeys
  An orc priest (D:8)
  4 hounds
  3 jellies
  A gnoll bouda (D:6)
  5 iguanas
  Ijyb (D:4)
  12 orc wizards
  10 adders
  8 gnolls
  2 white imps
  An ufetubus (D:6)
  4 worms
  6 dart slugs
  32 orcs
  6 endoplasms
  3 giant cockroaches
  7 goblins
  4 hobgoblins
  5 quokkas
  2 ball pythons (D:2)
  4 bats
  7 frilled lizards
  11 kobolds
  6 rats
224 creatures vanquished.

Vanquished Creatures (others)
  An orc wizard (D:8)
  An orc (D:10)
  19 demonic plants (Gauntlet)
  8 fungi
  40 plants
69 creatures vanquished.

Grand Total: 293 creatures vanquished

Notes
Turn   | Place    | Note
-------+----------+-------------------------------------------
     0 | D:1      | mandarbmax the Ogre Transmuter began the quest for the Orb.
     0 | D:1      | Reached XP level 1. HP: 19/19 MP: 3/3
   134 | D:1      | Reached skill level 2 in Fighting
   134 | D:1      | Reached XP level 2. HP: 28/28 MP: 1/5
   228 | D:1      | Found a faded altar of an unknown god.
   235 | D:1      | Prayed at the altar of an unknown god.
   235 | D:1      | Became a worshipper of Ru the Awakened
   260 | D:1      | Gained mutation: You cannot train Armour skill. [Ru
                  | sacrifice]
   260 | D:1      | Reached * piety under Ru
   476 | D:1      | Found Suopot's Antique Weapon Emporium.
   563 | D:1      | Reached XP level 3. HP: 33/36 MP: 4/6
   666 | D:2      | Learned a level 2 spell: Wereblood
   670 | D:2      | Learned a level 3 spell: Spider Form
   730 | D:2      | Reached skill level 3 in Fighting
  1163 | D:2      | Reached XP level 4. HP: 43/45 MP: 6/8
  1181 | D:2      | Found an opulent altar of Gozag.
  1827 | D:3      | Identified the amulet "Laiju" {Spirit rC+ Str+3 Int+2}
  1875 | D:3      | Reached skill level 4 in Fighting
  1935 | D:3      | Reached XP level 5. HP: 47/54 MP: 6/9
  2237 | D:4      | Noticed Ijyb
  2246 | D:4      | Killed Ijyb
  2448 | D:4      | Found a sparkling altar of Nemelex Xobeh.
  2466 | D:4      | Noticed a phantom
  2491 | D:4      | Killed a phantom
  2492 | D:4      | Reached skill level 5 in Fighting
  2492 | D:4      | Reached XP level 6. HP: 37/66 MP: 3/10
  2527 | D:4      | Noticed a sky beast
  2559 | D:4      | Reached skill level 6 in Fighting
  2569 | D:4      | Gained mutation: You cannot be stealthy. [Ru sacrifice]
  2569 | D:4      | Reached ** piety under Ru
  2577 | D:4      | Reached XP level 7. HP: 74/76 MP: 2/11
  2687 | D:4      | Reached skill level 7 in Fighting
  3017 | D:4      | Found a glowing silver altar of Zin.
  3026 | D:4      | Found a hide-covered altar of Uskayaw.
  3047 | D:5      | Entered Level 5 of the Dungeon
  3062 | D:5      | Reached skill level 8 in Fighting
  3236 | D:5      | Reached XP level 8. HP: 88/88 MP: 6/13
  3362 | D:5      | Found a large runed translucent door.
  3364 | D:5      | Found a large runed translucent door.
  3364 | D:5      | Noticed sleeves's ghost (amateur DrTm)
  3370 | D:5      | Noticed Duvessa
  3374 | D:5      | Noticed Dowan
  3391 | D:5      | Killed Dowan
  3392 | D:5      | Killed Duvessa
  3393 | D:5      | Reached skill level 5 in Unarmed Combat
  3396 | D:5      | Found Nush's Armour Emporium.
  3397 | D:5      | Noticed Eustachio
  3401 | D:5      | Noticed Pikel
  3415 | D:5      | Killed Eustachio
  3417 | D:5      | Killed Pikel
  3418 | D:5      | Reached skill level 9 in Fighting
  3418 | D:5      | Reached XP level 9. HP: 37/100 MP: 1/15
  4182 | D:5      | Killed sleeves's ghost
  4183 | D:5      | Reached skill level 10 in Fighting
  4678 | D:6      | Learned a level 4 spell: Ice Form
  4815 | D:6      | Reached skill level 11 in Fighting
  5054 | D:6      | Reached skill level 12 in Fighting
  5254 | D:6      | Found a radiant altar of Vehumet.
  5655 | D:7      | Reached XP level 10. HP: 115/115 MP: 11/16
  5756 | D:7      | Gained mutation: You occasionally shout uncontrollably at
                  | your foes. [Ru sacrifice]
  5759 | D:7      | Found a staircase to the Ecumenical Temple.
  6360 | D:7      | HP: 4/115 [bullfrog (5)]
  6600 | D:7      | Found Etaoschi's General Store.
  6652 | D:7      | Bought 2 potions of berserk rage for 110 gold pieces
  6652 | D:7      | Bought a scroll of torment for 104 gold pieces
  6815 | D:8      | Reached skill level 5 in Transmutations
  6987 | D:8      | Paralysed by a hornet for 3 turns
  7019 | D:8      | Identified the +3 whip of Taecaw {protect, rN+ rCorr Int+4}
  7309 | D:8      | Found a sacrificial altar of Ru.
  7819 | D:8      | Noticed Erica
  7842 | D:8      | Killed Erica
  7947 | D:8      | Found a staircase to the Lair.
  8044 | D:8      | Found a shimmering blue altar of Sif Muna.
  8254 | D:9      | Reached skill level 5 in Dodging
  8254 | D:9      | Reached XP level 11. HP: 126/126 MP: 10/17
  8490 | D:9      | Gained mutation: You take slightly more damage. (AC -5) [Ru
                  | sacrifice]
  8490 | D:9      | Reached *** piety under Ru
  8512 | D:9      | Noticed a two-headed ogre
  8525 | D:9      | Killed a two-headed ogre
  9126 | D:10     | Entered Level 10 of the Dungeon
  9137 | D:10     | Reached skill level 13 in Fighting
  9436 | D:10     | Found a staircase to the Orcish Mines.
  9438 | D:10     | Found Gudwa's Weapon Shop.
  9471 | D:10     | Noticed a cyan ugly thing
  9482 | D:10     | Killed a cyan ugly thing
  9719 | D:10     | Found a blossoming altar of Fedhas.
 10113 | D:10     | Found a hazy altar of Hepliaklqana.
 10162 | D:10     | Found an opulent altar of Gozag.
 10310 | D:10     | Noticed Harold
 10321 | D:10     | Killed Harold
 10322 | D:10     | Reached skill level 10 in Unarmed Combat
 10553 | D:10     | Found a glowing golden altar of the Shining One.
 10879 | D:11     | Found a gate leading to a gauntlet.
 10888 | Gauntlet | Entered a Gauntlet
 10888 | Gauntlet | Found a transporter.
 10894 | Gauntlet | Noticed a catoblepas
 10925 | Gauntlet | Found a large runed translucent door.
 10926 | Gauntlet | Found a large runed translucent door.
 10927 | Gauntlet | Found a large runed translucent door.
 10927 | Gauntlet | Found a large runed translucent door.
 10927 | Gauntlet | Found a runed translucent door.
 10928 | Gauntlet | Found a large runed translucent door.
 10929 | Gauntlet | Found a large runed translucent door.
 10930 | Gauntlet | Found a large runed translucent door.
 10930 | Gauntlet | Found a large runed translucent door.
 10931 | Gauntlet | Found a runed translucent gate.
 10931 | Gauntlet | Found a runed translucent gate.
 10933 | Gauntlet | Found a transporter.
 10940 | Gauntlet | Noticed a tengu warrior
 10941 | Gauntlet | Found a runed translucent gate.
 10941 | Gauntlet | Found a runed translucent door.
 10942 | Gauntlet | Found a large runed translucent door.
 10942 | Gauntlet | Found a large runed translucent door.
 10943 | Gauntlet | Found a large runed translucent door.
 10944 | Gauntlet | Found a large runed translucent door.
 10948 | Gauntlet | Found a transporter.
 10950 | Gauntlet | Noticed a dire elephant
 10953 | Gauntlet | Found a transporter.
 10970 | Gauntlet | Found a transporter.
 10988 | Gauntlet | Found a transporter.
 10990 | Gauntlet | Noticed a blizzard demon
 11000 | Gauntlet | Found a transporter.
 11012 | Gauntlet | Found a transporter.
 11013 | Gauntlet | Noticed a thrashing horror
 11024 | Gauntlet | Found a transporter.
 11028 | Gauntlet | Noticed a hell hog
 11032 | Gauntlet | Noticed a golden dragon
 11034 | Gauntlet | a golden dragon changed into an iron dragon
 11034 | Gauntlet | Noticed an iron dragon (glowing shapeshifter)
 11036 | Gauntlet | Found a transporter.
 11040 | Gauntlet | Noticed a two-headed ogre
 11047 | Gauntlet | an iron dragon changed into a caustic shrike
 11047 | Gauntlet | Noticed a caustic shrike (glowing shapeshifter)
 11048 | Gauntlet | a two-headed ogre changed into a faun
 11048 | Gauntlet | Noticed a faun (shapeshifter)
 11050 | Gauntlet | a faun changed into a swamp dragon
 11050 | Gauntlet | Noticed a swamp dragon (shapeshifter)
 11050 | Gauntlet | a caustic shrike changed into a golden dragon
 11050 | Gauntlet | Noticed a golden dragon (glowing shapeshifter)
 11053 | Gauntlet | Found a transporter.
 11053 | Gauntlet | a golden dragon changed into an iron giant
 11053 | Gauntlet | Noticed an iron giant (glowing shapeshifter)
 11056 | Gauntlet | an iron giant changed into an acid blob
 11056 | Gauntlet | Noticed an acid blob (glowing shapeshifter)
 11058 | Gauntlet | a swamp dragon changed into a fire crab
 11058 | Gauntlet | Noticed a fire crab (shapeshifter)
 11062 | Gauntlet | an acid blob changed into a caustic shrike
 11062 | Gauntlet | Noticed a caustic shrike (glowing shapeshifter)
 11065 | Gauntlet | a caustic shrike changed into an acid blob
 11065 | Gauntlet | Noticed an acid blob (glowing shapeshifter)
 11069 | Gauntlet | an acid blob changed into a golden dragon
 11069 | Gauntlet | Noticed a golden dragon (glowing shapeshifter)
 11071 | Gauntlet | Found a transporter.
 11071 | Gauntlet | a golden dragon changed into an iron dragon
 11071 | Gauntlet | Noticed an iron dragon (glowing shapeshifter)
 11072 | Gauntlet | an iron dragon changed into an iron giant
 11072 | Gauntlet | Noticed an iron giant (glowing shapeshifter)
 11073 | Gauntlet | Found a transporter.
 11073 | Gauntlet | an iron giant changed into an acid blob
 11073 | Gauntlet | Noticed an acid blob (glowing shapeshifter)
 11074 | Gauntlet | Noticed an oklob plant
 11075 | Gauntlet | Noticed a storm dragon
 11098 | Gauntlet | Found a transporter.
 11100 | Gauntlet | Found a transporter.
 11116 | Gauntlet | Found a large runed translucent door.
 11116 | Gauntlet | Found a large runed translucent door.
 11117 | Gauntlet | Found a large runed translucent door.
 11118 | Gauntlet | Found a large runed translucent door.
 11120 | Gauntlet | Found a transporter.
 11198 | Gauntlet | Found a transporter.
 11218 | Gauntlet | Found a transporter.
 11254 | Gauntlet | Noticed a shadow dragon
 11256 | Gauntlet | a shadow dragon changed into an iron troll
 11256 | Gauntlet | Noticed an iron troll (glowing shapeshifter)
 11256 | Gauntlet | Noticed an anaconda
 11261 | Gauntlet | an iron troll changed into an eleionoma
 11261 | Gauntlet | Noticed an eleionoma (glowing shapeshifter)
 11262 | Gauntlet | an anaconda changed into a fire dragon
 11262 | Gauntlet | Noticed a fire dragon (shapeshifter)
 11264 | Gauntlet | an eleionoma changed into a quicksilver dragon
 11264 | Gauntlet | Noticed a quicksilver dragon (glowing shapeshifter)
 11275 | Gauntlet | a fire dragon changed into a slime creature
 11275 | Gauntlet | a quicksilver dragon changed into a frost giant
 11275 | Gauntlet | Noticed a frost giant (glowing shapeshifter)
 11279 | Gauntlet | a frost giant changed into a quicksilver dragon
 11279 | Gauntlet | Noticed a quicksilver dragon (glowing shapeshifter)
 11280 | Gauntlet | a quicksilver dragon changed into a dire elephant
 11280 | Gauntlet | Noticed a dire elephant (glowing shapeshifter)
 11281 | Gauntlet | a dire elephant changed into a catoblepas
 11281 | Gauntlet | Noticed a catoblepas (glowing shapeshifter)
 11282 | Gauntlet | a catoblepas changed into a quicksilver ooze
 11282 | Gauntlet | Noticed a quicksilver ooze (glowing shapeshifter)
 11285 | Gauntlet | a storm dragon changed into a minotaur
 11285 | Gauntlet | Noticed a minotaur (shapeshifter)
 11285 | Gauntlet | a quicksilver ooze changed into a death yak
 11285 | Gauntlet | Noticed a death yak (glowing shapeshifter)
 11291 | Gauntlet | a death yak changed into an azure jelly
 11291 | Gauntlet | Noticed an azure jelly (glowing shapeshifter)
 11292 | Gauntlet | an azure jelly changed into an iron dragon
 11292 | Gauntlet | Noticed an iron dragon (glowing shapeshifter)
 11296 | Gauntlet | Noticed a caustic shrike
 11346 | Gauntlet | Killed a catoblepas
 11346 | Gauntlet | Killed from afar by a gargoyle

Illustrated notes

Levels and vault maps discovered:
D:1:      wander_arrival_abandoned_jail, layout_basic,
          ebering_ecumenical_altar_sacrificial, serial_shops, shop
D:2:      kb_forest_paths, layout_basic, basic_altar, minmay_heptomino_d4
D:3:      layout_rooms
D:4:      layout_rooms, mainiacjoe_overflow_big_doors,
          nemelex_diamond_rough_becter, uniq_ijyb
D:5:      layout_cave_pools, ebering_ghost_disaster_area, serial_shops,
          shop_coins, uniq_eustachio, uniq_pikel, uniq_duvessa
D:6:      layout_loops_cross, general_overflow_altar
D:7:      layout_loops_ring, minmay_temple_entry_oklob, kennysheep_diamond
D:8:      layout_rooms, amcnicky_altar_gilded, kennysheep_orc_sif_temple,
          david_lair_shrubbed, uniq_erica
D:9:      layout_stronghold
D:10:     layout_small_grid, mainiacjoe_overflow_alcove_4,
          mainiacjoe_overflow_surrounded_room, overflow_temple_1_default,
          fedhas_altar_3, orc_david_3, chequers_hall_statues_corner_a,
          uniq_harold
D:11:     layout_basic, gauntlet_entry_generic
Gauntlet: gammafunk_gauntlet_one_two_three [nicolae_gauntlet_arena_quarters,
          minmay_gauntlet_arena_make_your_own_arena,
          gammafunk_gauntlet_arena_mazey, gammafunk_gauntlet_arena_teeth,
          nicolae_gauntlet_arena_x, gammafunk_gauntlet_arena_arrow_garden,
          gammafunk_gauntlet_arena_hedges, gammafunk_gauntlet_arena_split_x,
          gammafunk_gauntlet_arena_grid, gauntlet_exit_watery]

Skill      XL: |  1  2  3  4  5  6  7  8  9 10 11 |
---------------+----------------------------------+-----
Fighting       | 2 3 4 5 6 8 9 12 13 | 13.5
Dodging        | 2 5 6 |  6.0
Unarmed Combat | 3 4 6 8 9 10 | 10.0
Transmutations | 2 3 4 6 7 |  7.6
Spellcasting   | 3 4 |  4.0

Action                   |  1- 3 |  4- 6 |  7- 9 | 10-12 || total
-------------------------+-------+-------+-------+-------++-------
Melee: Unarmed           |    92 |   133 |   228 |   281 ||   734
       Kick              |    22 |    10 |    17 |     2 ||    51
       Headbutt          |     9 |     3 |    10 |     1 ||    23
       Punch             |     3 |       |     4 |       ||     7
 Cast: Beastly Appendage |    29 |    24 |    15 |     7 ||    75
       Wereblood         |     3 |     3 |    15 |    26 ||    47
       Spider Form       |       |     7 |    21 |    35 ||    63
       Ice Form          |       |       |       |     1 ||     1
Invok: Sacrifice Durabil |     1 |       |       |       ||     1
       Sacrifice Stealth |       |     1 |       |       ||     1
       Sacrifice Purity  |       |       |       |     1 ||     1
       Draw Out Power    |       |       |       |     1 ||     1
       Sacrifice Health  |       |       |       |     1 ||     1
Evoke: Wand              |       |       |       |     3 ||     3
  Use: Scroll            |       |     5 |    10 |     3 ||    18
       Potion            |       |       |     3 |     3 ||     6
 Stab: Distracted        |       |     1 |       |     1 ||     2
       Sleeping          |       |     1 |       |       ||     1
       Invisible         |       |       |       |     5 ||     5
Armor: Robe              |    26 |     6 |    16 |     1 ||    49
       Skin              |       |     8 |    14 |     6 ||    28
Dodge: Dodged            |    44 |    85 |   158 |   213 ||   500

Table legend: (Time is in decaauts)
 A = Elapsed time spent in this place.
 B = Non-inter-level travel time spent in this place.
 C = Inter-level travel time spent in this place.
 D = Time resting spent in this place.
 E = Time spent auto-exploring this place.
 F = Levels seen in this place.
 G = Mean time per level.
                   A        B        C        D        E       F      G
               +--------+--------+--------+--------+--------+-----+--------+
         Total |  11257 |  10986 |    271 |    731 |   8369 |  12 |  938.1 |
       Dungeon |  10802 |  10531 |    271 |    731 |   8046 |  11 |  982.0 |
      Gauntlet |    454 |    454 |      0 |      0 |    323 |   1 |  454.0 |
               +--------+--------+--------+--------+--------+-----+--------+

Top non-repeatable levels by time:
     D:7: 1527 daAuts
    D:10: 1388 daAuts
     D:9: 1247 daAuts
     D:6: 1230 daAuts
     D:5: 1193 daAuts
     D:8: 1090 daAuts
     D:2: 839 daAuts
     D:4: 803 daAuts
     D:3: 727 daAuts
     D:1: 659 daAuts
Gauntlet: 454 daAuts
    D:11: 95 daAuts
